Map: Galactic Process LE

Players

InvHarstem (Harstem) - Winner!

  • Race: Protoss Protoss

iaguz

  • Race: Terran Terran

Event: 2016 WCS Summer Circuit Championship (DH Montreal)

VOD

Have the link to the VOD?

Description

Time

  • Played on: Aug. 12, 2016, 3:49 p.m.
  • Length: 12:18

All games in this series

Show
View Real Time Build Order
Export as new Build Order

InvHarstem Protoss - Winner!

Build Orders: 1 Gate Expand, Oracle Opening, Phoenix Opening 

Get SALT Encoding   

  12  0:01  Probe (Chrono Boost)  
  13  0:11  Probe (Chrono Boost)  
  14  0:18  Pylon  
  14  0:22  Probe (Chrono Boost)  
  15  0:36  Probe (Chrono Boost)  
  15  0:37  Gateway  
  16  0:47  Probe (Chrono Boost)  
  16  0:48  Assimilator  
  17  0:57  Probe (Chrono Boost)  
  18  1:08  Probe (Chrono Boost)  
  20  1:18  Probe (Chrono Boost)  
  20  1:25  Nexus  
  20  1:33  Cybernetics Core  
  20  1:36  Probe (Chrono Boost)  
  21  1:43  Assimilator  
  22  1:47  Probe (Chrono Boost)  
  22  1:52  Pylon  
  22  1:57  Probe (Chrono Boost)  
  23  2:06  Adept  
  23  2:11  Probe (Chrono Boost), Warp Gate  
  27  2:23  Probe (Chrono Boost)  
  27  2:29  Stargate  
  27  2:32  Adept  
  27  2:35  Probe (Chrono Boost)  
  30  2:37  Probe (Chrono Boost)  
  31  2:46  Probe (Chrono Boost)  
  31  2:48  Probe (Chrono Boost)  
  33  2:57  Adept  
  33  2:58  Probe x2 (Chrono Boost)  
  37  3:07  Oracle  
  37  3:09  Probe (Chrono Boost)  
  37  3:10  Probe (Chrono Boost)  
  42  3:13  Pylon  
  43  3:20  Probe (Chrono Boost)  
  43  3:22  Probe (Chrono Boost)  
  44  3:30  Probe (Chrono Boost)  
  46  3:34  Probe (Chrono Boost)  
  46  3:37  Nexus  
  46  3:41  Probe (Chrono Boost), Phoenix  
  47  3:47  Gateway  
  49  3:51  Probe (Chrono Boost)  
  49  3:54  Pylon  
  52  3:56  Mothership Core (Chrono Boost)  
  52  4:02  Gateway  
  52  4:04  Probe (Chrono Boost)  
  52  4:09  Phoenix  
  53  4:16  Probe x2 (Chrono Boost), Adept  
  59  4:21  Pylon  
  59  4:31  Phoenix  
  59  4:35  Probe (Chrono Boost)  
  59  4:38  Assimilator  
  62  4:40  Pylon  
  62  4:44  Adept, Assimilator  
  64  4:47  Probe (Chrono Boost)  
  64  4:48  Probe (Chrono Boost)  
  64  4:50  Twilight Council  
  66  4:53  Probe (Chrono Boost)  
  66  4:54  Forge  
  66  4:58  Probe (Chrono Boost)  
  66  4:59  Adept  
  71  5:00  Probe (Chrono Boost)  
  71  5:03  Probe (Chrono Boost), Adept  
  74  5:13  Protoss Ground Weapons Level 1  
  74  5:14  Resonating Glaives  
  72  5:25  Probe (Chrono Boost)  
  72  5:26  Probe x2 (Chrono Boost)  
  75  5:30  Pylon  
  75  5:36  Stalker x2  
  75  5:37  Probe (Chrono Boost)  
  75  5:40  Pylon  
  75  5:41  Probe x2 (Chrono Boost)  
  82  5:46  Forge, Pylon  
  82  5:53  Gateway  
  82  5:54  Gateway  
  82  5:56  Probe (Chrono Boost)  
  83  6:00  Probe (Chrono Boost), Sentry, Stalker x2  
  83  6:01  Probe (Chrono Boost)  
  91  6:07  Probe (Chrono Boost)  
  93  6:12  Probe (Chrono Boost)  
  93  6:13  Robotics Facility  
  93  6:15  Pylon  
  94  6:19  Probe (Chrono Boost)  
  94  6:20  Probe (Chrono Boost)  
  94  6:21  Protoss Ground Armor Level 1  
  94  6:22  Oracle  
  94  6:23  Pylon  
  95  6:27  Gateway  
  95  6:29  Gateway  
  95  6:30  Adept  
  100  6:35  Probe x3 (Chrono Boost)  
  100  6:39  Stalker, Assimilator  
  105  6:43  Assimilator  
  106  6:47  Probe (Chrono Boost)  
  106  6:48  Gateway  
  106  6:50  Probe x2 (Chrono Boost), Pylon  
  106  6:52  Blink  
  108  7:07  Adept  
  108  7:08  Adept x2, Robotics Bay  
  116  7:10  Stalker  
  118  7:19  Immortal  
  118  7:21  Stalker  
  120  7:28  Pylon  
  122  7:36  Protoss Ground Weapons Level 2  
  120  7:39  Stalker x3  
  120  7:51  Sentry  
  120  7:52  Adept x3  
  120  7:55  Probe (Chrono Boost)  
  129  8:02  Disruptor  
  129  8:03  Stalker  
  129  8:04  Stalker x2  
  138  8:23  Protoss Ground Armor Level 2  
  138  8:26  Adept x4  
  146  8:28  Photon Cannon, Nexus  
  146  8:30  Pylon  
  146  8:31  Pylon  
  146  8:34  Disruptor  
  146  8:35  Pylon  
  146  8:37  Pylon  
  146  8:39  Photon Cannon  
  146  8:50  Stalker x2  
  149  8:57  Photon Cannon  
  149  9:01  Stalker x4  
  157  9:03  Adept x2  
  157  9:05  Disruptor  
  161  9:16  Photon Cannon  
  164  9:21  Adept x2  
  168  9:28  Stalker x4  
  176  9:32  Protoss Ground Weapons Level 3  
  176  9:36  Disruptor  
  175  9:40  Probe x2 (Chrono Boost)  
  175  9:41  Probe (Chrono Boost)  
  175  9:42  Adept x2  
  175  9:43  Adept x2  
  188  9:47  Probe (Chrono Boost)  
  188  9:52  Probe (Chrono Boost)  
  190  9:54  Pylon  
  190  9:56  Pylon  
  190  10:01  Adept x3  
  188  10:17  Stalker x4  
  189  10:25  Fleet Beacon  
  189  10:32  Stalker x3  
  193  10:38  Probe (Chrono Boost)  
  193  10:42  Observer  
  194  10:43  Stargate  
  194  10:45  Pylon  
  194  10:47  Assimilator  
  195  10:52  Assimilator  
  189  11:18  Adept x8  
  169  11:20  Tempest  
  169  11:41  Stalker x5  
  169  11:42  Stalker x3  
  169  11:46  Photon Cannon  
  184  11:47  Probe (Chrono Boost)  
  171  12:07  Stalker x8  
Show
View Real Time Build Order
Export as new Build Order

iaguz Terran 

Build Orders: MMM Bio 

Get SALT Encoding   

  12  0:00  SCV  
  13  0:12  SCV  
  14  0:17  Supply Depot  
  14  0:25  SCV  
  15  0:39  SCV  
  15  0:41  Barracks  
  16  0:44  Refinery  
  16  0:51  SCV  
  17  1:03  SCV  
  18  1:15  SCV  
  19  1:27  Marine  
  19  1:28  Orbital Command  
  20  1:41  Command Center  
  20  1:52  Factory  
  20  1:54  SCV  
  21  2:04  Barracks Reactor  
  21  2:05  Supply Depot  
  21  2:09  SCV  
  22  2:21  SCV, Refinery  
  23  2:35  SCV  
  24  2:41  Starport, Marine x2  
  26  2:47  Widow Mine, SCV  
  29  2:55  Orbital Command  
  29  2:59  SCV  
  29  3:00  Marine x2  
  32  3:11  SCV  
  33  3:16  Widow Mine  
  33  3:17  Medivac  
  33  3:18  Marine x2  
  39  3:20  SCV  
  39  3:24  SCV  
  41  3:29  Supply Depot  
  41  3:33  SCV  
  42  3:36  Marine x2  
  42  3:37  SCV  
  45  3:44  Supply Depot  
  45  3:45  SCV  
  46  3:50  Widow Mine  
  46  3:51  Medivac, SCV  
  51  3:57  SCV  
  51  4:01  Supply Depot  
  52  4:03  SCV  
  52  4:04  Engineering Bay  
  52  4:05  Liberator, Marine x2  
  52  4:09  SCV  
  56  4:15  SCV  
  57  4:21  Factory Tech Lab  
  57  4:22  SCV  
  61  4:25  Supply Depot  
  61  4:27  SCV  
  60  4:34  SCV  
  60  4:37  Missile Turret  
  63  4:38  Missile Turret  
  63  4:39  SCV  
  62  4:46  SCV  
  62  4:48  Command Center  
  62  4:51  SCV  
  64  4:56  Barracks  
  64  4:58  SCV  
  64  4:59  Marine  
  66  5:00  Stimpack  
  66  5:01  Barracks  
  66  5:05  SCV  
  67  5:08  Factory Reactor, Starport Reactor  
  67  5:10  SCV  
  68  5:18  SCV  
  61  5:23  Marine  
  61  5:25  SCV  
  61  5:27  Refinery  
  63  5:29  Refinery  
  63  5:30  Terran Infantry Weapons Level 1, SCV  
  63  5:35  Barracks  
  64  5:37  Barracks, SCV  
  64  5:42  Marine, SCV  
  67  5:43  Liberator  
  67  5:44  Marine  
  67  5:45  Widow Mine, Marine  
  67  5:46  Widow Mine  
  67  5:49  SCV  
  74  5:54  Barracks Tech Lab, SCV  
  74  5:56  Medivac  
  77  6:00  Marine  
  77  6:01  SCV  
  82  6:06  Supply Depot  
  82  6:07  Supply Depot, Marine x2  
  82  6:11  SCV  
  85  6:13  SCV  
  85  6:15  Marauder  
  85  6:16  Widow Mine x2  
  85  6:18  Marine  
  93  6:21  Missile Turret  
  93  6:27  Liberator  
  93  6:28  Orbital Command, SCV  
  93  6:29  SCV  
  93  6:30  Barracks Tech Lab, Barracks Reactor, Marine  
  93  6:31  Marauder  
  93  6:32  Combat Shields  
  98  6:37  Supply Depot  
  98  6:40  SCV  
  98  6:41  SCV  
  98  6:42  Supply Depot  
  103  6:49  Marauder  
  103  6:50  Marine x2  
  103  6:52  SCV  
  103  6:53  SCV, Refinery  
  109  6:55  Refinery  
  109  6:59  SCV  
  110  7:01  Supply Depot  
  110  7:04  Supply Depot, Marine  
  110  7:05  Marauder  
  110  7:07  Marine, SCV x2  
  116  7:09  Widow Mine x2  
  116  7:11  SCV  
  121  7:19  SCV  
  121  7:22  Marine x2  
  120  7:23  Marauder  
  120  7:27  Marine x2, Marauder  
  120  7:28  Marauder  
  120  7:29  Medivac  
  129  7:36  Liberator  
  125  7:40  Marine x2  
  125  7:44  Marine x2  
  125  7:45  Marine  
  125  7:47  Supply Depot  
  125  7:49  Marauder  
  125  7:50  Marauder  
  126  7:51  Widow Mine x2, Terran Infantry Armor Level 1  
  126  7:55  Armory  
  126  7:57  Engineering Bay  
  133  7:59  Marine x2  
  133  8:02  Marauder  
  137  8:06  Marine, Barracks  
  137  8:07  Barracks  
  137  8:08  Barracks  
  137  8:10  Marauder  
  137  8:11  Marauder  
  142  8:14  Liberator  
  142  8:20  Marine x3  
  142  8:23  Marauder  
  142  8:24  Widow Mine  
  149  8:29  Supply Depot  
  149  8:31  Widow Mine, Supply Depot, Marauder  
  149  8:32  Supply Depot  
  149  8:33  Supply Depot  
  149  8:34  Liberator  
  156  8:35  Supply Depot  
  156  8:44  Marine  
  156  8:45  Missile Turret  
  156  8:46  Missile Turret  
  157  8:51  Marine x3, Marauder  
  157  8:52  Marine  
  157  8:53  Marauder  
  167  9:00  Barracks Tech Lab x2, Barracks Reactor  
  167  9:01  Marine  
  167  9:03  Supply Depot  
  167  9:09  Marine x2, Marauder  
  171  9:10  Marine  
  171  9:12  Widow Mine x2  
  171  9:13  Marauder  
  171  9:14  Marauder  
  178  9:19  Marine x2  
  178  9:20  Medivac  
  178  9:23  Terran Infantry Weapons Level 2  
  182  9:25  Starport  
  182  9:26  Marine  
  181  9:37  Marine, Marauder x2  
  181  9:38  Marine, Marauder x2  
  189  9:49  Marine, Marauder  
  190  9:54  Command Center  
  190  9:57  Marine x2  
  190  9:59  Liberator x2, Marauder  
  194  10:03  Marine x3, Marauder  
  199  10:13  Marine, Marauder  
  197  10:16  Widow Mine x2  
  197  10:21  Marine  
  197  10:22  Marauder  
  197  10:27  Marine  
  191  10:36  Marine x4, Marauder  
  191  10:40  Marine  
  189  10:43  Medivac  
  189  10:49  Marine x2  
  190  10:50  Marauder  
  190  10:51  Marine  
  190  10:52  Marauder  
  190  10:54  Marine  
  190  10:59  Medivac x2  
  190  11:02  Widow Mine, Marine x2  
  190  11:03  Marauder  
  188  11:08  Marine, Marauder  
  188  11:09  Marauder  
  184  11:13  Medivac  
  184  11:18  Marine x2  
  130  11:19  Marine, Marauder x2  
  130  11:20  Marine x2  
  130  11:23  Marine  
  104  11:25  Marine  
  104  11:28  Marine  
  104  11:30  Marine  
  102  11:36  Marine x2  
  102  11:37  Marine  
  102  11:38  SCV  
  106  11:40  Marauder  
  106  11:47  Marine x2  
  108  11:53  Marine  
  112  11:56  Marauder  
Tags
 
Add a new tag
Caveats
  • Supply blocks, unpowered buildings, or Contaminate may cause inaccurate times.
  • Supply counts are checked every 10 seconds.